 Dungeon Crawl Stone Soup version 0.30.1-1-g62c8e00024 (webtiles) character file.

Game seed: 18331369470008383444

7 monsoonserge the Charlatan (level 1, -1/15 HPs)
             Began as a Demonspawn Artificer on July 17, 2023.
             Slain by a kobold
             ... wielding a +1 dagger of protection
              (3 damage)
             ... on level 1 of the Dungeon.
             The game lasted 00:01:43 (385 turns).

monsoonserge the Charlatan (Demonspawn Artificer)    Turns: 385, Time: 00:01:44

Health: -1/15      AC:  3    Str: 12    XL:     1   Next: 91%
Magic:  1/1        EV: 11    Int: 12    God:
Gold:   20         SH:  0    Dex: 13    Spells: 0/0 levels left

rFire   . . .        a - +0 club
rCold   . . .        (no shield)
rNeg    . . .        b - +0 leather armour
rPois   .            (no helmet)
rElec   .            (no cloak)
rCorr   .            (no gloves)
SInv    .            (no boots)
Will    .....        (no amulet)
Stlth   +            (no ring)
HPRegen 0.22/turn    (no ring)
MPRegen 0.07/turn

%: no passive effects
@: no status effects
A: no striking features
a: no special abilities


You were on level 1 of the Dungeon.
You visited 1 branch of the dungeon, and saw 1 of its levels.

You collected 20 gold pieces.

Inventory:

Hand Weapons
 a - a +0 club (weapon)
Armour
 b - a +0 leather armour (worn)
Wands
 c - a wand of flame (15) (quivered)
 d - a wand of charming (15)
 e - a wand of iceblast (5)
Scrolls
 f - a scroll of blinking {unknown}
 g - a scroll of identify {unknown}


   Skills:
 + Level 1.0 Fighting
 + Level 0.3 Maces & Flails
 + Level 2.0 Armour
 - Level 1.0 Dodging
 + Level 0.8 Stealth
 + Level 3.2 Evocations


You couldn't memorise any spells.
You didn't know any spells.
Your spell library was empty.

Dungeon Overview and Level Annotations

Branches:
Dungeon (1/15)

Altars:


Message History

The kobold is moderately wounded.
The kobold hits you with a +1 dagger of protection.
You barely miss the kobold.
The kobold is moderately wounded.
The kobold closely misses you.
You closely miss the kobold.
The kobold is moderately wounded.
The kobold hits you but does no damage.
You hit the kobold but do no damage.
The kobold is moderately wounded.
The kobold misses you. The kobold hits you but does no damage.
You miss the kobold.
The kobold is moderately wounded.
The kobold barely misses you.
You closely miss the kobold.
The kobold is moderately wounded.
The kobold barely misses you.
You hit the kobold but do no damage.
The kobold is moderately wounded.
The kobold closely misses you.
The kobold hits you with a +1 dagger of protection.
You barely miss the kobold.
The kobold is moderately wounded.
The kobold closely misses you.
You hit the kobold but do no damage.
The kobold is moderately wounded.
The kobold hits you with a +1 dagger of protection.
You barely miss the kobold.
The kobold is moderately wounded.
The kobold hits you with a +1 dagger of protection.
* * * LOW HITPOINT WARNING * * *
You closely miss the kobold.
The kobold is moderately wounded.
The kobold hits you with a +1 dagger of protection.
* * * LOW HITPOINT WARNING * * *
The kobold closely misses you.
You hit the kobold but do no damage.
The kobold is moderately wounded.
The kobold hits you with a +1 dagger of protection.
You die...

..#P..#.#...#
......#....
##.P#.#..##
#...#..<.
##b#.#P##
.###.#....
######.### ##.
#.##'''
#........## ...
#......
#....###..###.#
##..### #....#
##..#..# ....#
##########....+
.....
.......@..##
.....
.......K.##
###. ........>#
.........#
###......#
#.......
#......#
#......#


You could see a kobold.

Vanquished Creatures
  An endoplasm (D:1)
  3 hobgoblins (D:1)
  2 bats (D:1)
6 creatures vanquished.

Notes
Turn   | Place    | Note
-------+----------+-------------------------------------------
     0 | D:1      | monsoonserge the Demonspawn Artificer began the quest for
                  | the Orb.
     0 | D:1      | Reached XP level 1. HP: 15/15 MP: 1/1
    22 | D:1      | Reached skill level 1 in Dodging
   385 | D:1      | Slain by a kobold

Illustrated notes

Levels and vault maps discovered:
D:1:      dpeg_arrival_windows_large_door, layout_basic, serial_aquarium,
          aquarium_bridge_square [aquarium_subvault_bridge,
          aquarium_subvault_bridge, aquarium_subvault_window,
          aquarium_subvault_bridge], aquarium_window_1, aquarium_window_1,
          aquarium_window_2, aquarium_window_fake, aquarium_view_2b,
          aquarium_view_2a, minivault_5, minmay_door_square, minivault_24

Skill      XL: |  1 |
---------------+----+-----
Dodging        | 1 |  1.0
Armour         | 2 |  2.0
Fighting       | |  1.0
Maces & Flails | |  0.3
Stealth        | |  0.8
Evocations     | |  3.2

Action                     || total
---------------------------++-------
  Melee: Club              ||    63
         Punch             ||     2
 Armour: Leather armour    ||    20
  Dodge: Dodged            ||    57
